 Dungeon Crawl Stone Soup version 0.17.1-3-g152610e (webtiles) character file.

1652 manyhoops the Nimble (level 8, -10/52 HPs)
             Began as a High Elf Skald on Apr 26, 2016.
             Was an Initiate of Okawaru.
             Mangled by Grum
             ... wielding a -1 glaive
              (12 damage)
             ... on level 8 of the Dungeon.
             The game lasted 00:20:27 (8019 turns).

manyhoops the Nimble (High Elf Skald)               Turns: 8019, Time: 00:20:27

Health: -10/52     AC: 16    Str: 11    XL:     8   Next: 68%
Magic:  15/15      EV: 27    Int: 20    God:    Okawaru [......]
Gold:   285        SH:  0    Dex: 17    Spells: 5 memorised, 4 levels left

rFire  . . .     SeeInvis .     (weapon currently unavailable)
rCold  . . .     Clarity  .     (armour currently unavailable)
rNeg   + + +     SustAt   .     (shield currently unavailable)
rPois  +         Gourm    .     (no helmet)
rElec  .         Spirit   .     (cloak currently unavailable)
rCorr  .         Warding  .     (gloves currently unavailable)
rMut   .         Stasis   .     (boots currently unavailable)
MR     .....                    (no amulet)
Stlth  ++........               x - +4 ring of intelligence
                                n - +4 ring of protection

@: fungus-form, infused, not resistant to hostile enchantments, unstealthy
A: no striking features
a: Renounce Religion


You were on level 8 of the Dungeon.
You worshipped Okawaru.
Okawaru was noncommittal.
You were not hungry.
You were a sentient fungus.
You visited 2 branches of the dungeon, and saw 9 of its levels.

You collected 285 gold pieces.

Inventory:

Hand Weapons
 s - a +1 falchion of slicing (melded)
 y - a +2 falchion of holy wrath
Missiles
 d - 3 throwing nets (quivered)
Armour
 j - a +0 leather armour of positive energy
 l - a +0 ring mail (melded)
 p - a +1 cloak of invisibility (melded)
Jewellery
 n - a +4 ring of protection (left hypha)
 o - an uncursed ring of protection from cold
 x - a +4 ring of intelligence (right hypha)
 A - the ring of Jiphiysk {rC+ SInv}
   (You found it on level 6 of the Dungeon)

   [ring of see invisible]

   It protects you from cold.
   It lets you see invisible.
Wands
 k - a wand of digging (19)
Scrolls
 i - 2 scrolls of amnesia
 m - a scroll of magic mapping
 r - 3 scrolls of remove curse
 u - a scroll of recharging
Potions
 a - a potion of resistance
 e - a potion of curing
 q - a potion of cancellation
 C - a potion of magic {unknown}
Books
 c - a book of Battle

   Spells                             Type                      Level
   a - Infusion                       Charms                       1
   b - Shroud of Golubria             Charms/Translocation         2
   c - Song of Slaying                Charms                       2
   d - Spectral Weapon                Hexes/Charms                 3
   e - Regeneration                   Charms/Necromancy            3
Miscellaneous
 w - a plain deck of defence {drawn: 3}
Comestibles
 h - 8 fruits
 t - 2 bread rations
 z - a slice of pizza
 B - a meat ration


   Skills:
 - Level 3.1 Fighting
 + Level 6.4 Long Blades
 - Level 0.8 Armour
 + Level 8.4 Dodging
 + Level 4.2 Spellcasting
 + Level 6.6 Charms


You had 4 spell levels left.
You knew the following spells:

 Your Spells              Type           Power        Failure   Level  Hunger
a - Infusion              Chrm           ####..       1%          1    None
b - Song of Slaying       Chrm           ####....     1%          2    #......
c - Spectral Weapon       Hex/Chrm       ###.....     12%         3    ###....
d - Regeneration          Chrm/Necr      ###.......   12%         3    ###....
e - Shroud of Golubria    Chrm/Tloc      ###.......   6%          2    #......


Dungeon Overview and Level Annotations

Branches:
Dungeon (8/15)             Temple (1/1) D:7
   Lair: D:8-11

Altars:
Ashenzari
Cheibriados
Dithmenos
Elyvilon
Gozag
Kikubaaqudgha
Makhleb
Nemelex Xobeh
Okawaru
Qazlal
Ru
Sif Muna
Trog
Vehumet
Xom
Zin
The Shining One

Annotations:
D:7 Lucifugo's ghost, novice TrAK
D:8 Grum


Message History

Grum zaps a wand.
You turn into a sentient fungus.
Your +1 falchion of slicing melds into your body.
Your +1 cloak of invisibility melds into your body.
Your +0 ring mail melds into your body.
The wolf misses you.
You're too terrified to move while being watched!
You're too terrified to move while being watched!
The wolf bites you!
* * * LOW HITPOINT WARNING * * *
Grum zaps a wand.
You easily resist.
The wolf completely misses you.
Grum zaps a wand.
You easily resist.
The wolf closely misses you. The wolf closely misses you.
Grum completely misses you. The wolf completely misses you.
The wolf barely misses you. Grum misses you.
The wolf bites you but does no damage. The wolf completely misses you.
Grum zaps a wand.
The wolf bites you but does no damage. The wolf closely misses you.
Grum zaps a wand.
You easily resist.
The wolf bites you but does no damage. Grum hits you with a glaive!
You die...

.. #.###.
###....
...... . ...
#.###.#.#
#.....#.#####
......hg..).#
.....#f#####
.## #.# #.#
[.# #.# #.#
... #.#


You could see Grum and a wolf.

Vanquished Creatures
  Prince Ribbit (D:5)
  5 ogres
  An ice beast (D:6)
  2 centaurs
  A scorpion (D:4)
  2 crimson imps
  2 jellies (D:5)
  A hound (D:7)
  A giant frog skeleton (D:6)
  6 orc wizards
  A centaur skeleton (D:5)
  Jessica (D:3)
  An iguana (D:7)
  5 worker ants
  A killer bee zombie (D:5)
  7 adders
  3 worms
  3 giant geckos
  16 orcs
  8 bats
  4 giant cockroaches
  4 goblins
  4 hobgoblins
  3 jackals (D:2)
  2 ball pythons
  A giant gecko skeleton (D:4)
  5 giant newts
  A jackal skeleton (D:4)
  A jackal zombie (D:5)
  8 kobolds
  3 quokkas
  10 rats
114 creatures vanquished.

Notes
Turn   | Place    | Note
--------------------------------------------------------------
     0 | D:1      | manyhoops the High Elf Skald began the quest for the Orb.
     0 | D:1      | Reached XP level 1. HP: 14/14 MP: 4/4
   405 | D:1      | Reached XP level 2. HP: 19/19 MP: 6/6
   409 | D:1      | Learned a level 2 spell: Song of Slaying
   416 | D:1      | Reached skill level 4 in Charms
  1727 | D:2      | Reached XP level 3. HP: 23/25 MP: 7/7
  1908 | D:3      | Noticed Jessica
  1920 | D:3      | Killed Jessica
  2087 | D:3      | Reached XP level 4. HP: 10/30 MP: 8/8
  3437 | D:4      | Reached XP level 5. HP: 31/36 MP: 9/9
  3511 | D:4      | Noticed an ogre
  3556 | D:4      | Killed an ogre
  3819 | D:4      | Found a sparkling altar of Nemelex Xobeh.
  3923 | D:4      | Noticed an ogre
  3942 | D:4      | Killed an ogre
  3942 | D:4      | Reached XP level 6. HP: 14/42 MP: 3/10
  4278 | D:4      | Reached skill level 5 in Dodging
  4677 | D:5      | Entered Level 5 of the Dungeon
  4805 | D:5      | Found a glowing golden altar of the Shining One.
  4806 | D:5      | Found a bloodstained altar of Trog.
  4808 | D:5      | Found a sparkling altar of Nemelex Xobeh.
  4839 | D:5      | Reached skill level 5 in Charms
  4839 | D:5      | Reached XP level 7. HP: 41/46 MP: 4/12
  4913 | D:5      | Reached skill level 6 in Dodging
  5080 | D:5      | Noticed Prince Ribbit
  5217 | D:5      | Found a deep blue altar of Sif Muna.
  5218 | D:5      | Found a shimmering altar of Xom.
  5532 | D:5      | Reached skill level 5 in Long Blades
  5948 | D:5      | Killed Prince Ribbit
  5948 | D:5      | Reached skill level 7 in Dodging
  5948 | D:5      | Reached XP level 8. HP: 10/52 MP: 7/14
  6672 | D:6      | HP: 2/78 [ogre/giant club (19)]
  6979 | D:6      | Got a translucent platinum ring
  7322 | D:5      | Found an iron altar of Okawaru.
  7332 | D:5      | Reached skill level 8 in Dodging
  7336 | D:5      | Became a worshipper of Warmaster Okawaru
  7523 | D:7      | Found a white marble altar of Elyvilon.
  7571 | D:7      | Identified the ring of Jiphiysk {rC+ SInv} (You found it on level 6 of the Dungeon)
  7578 | D:7      | Learned a level 3 spell: Spectral Weapon
  7582 | D:7      | Learned a level 3 spell: Regeneration
  7585 | D:7      | Learned a level 2 spell: Shroud of Golubria
  7598 | D:7      | Found a staircase to the Ecumenical Temple.
  7606 | D:7      | Noticed Lucifugo's ghost (novice TrAK)
  7618 | Temple   | Entered the Ecumenical Temple
  7978 | D:8      | Noticed Grum
  8013 | D:8      | HP: 1/52 [wolf[Grum] (9)]
  8019 | D:8      | Mangled by Grum

Action                   |  1- 3 |  4- 6 |  7- 9 || total
-------------------------+-------+-------+-------++-------
Melee: Falchion          |   141 |   145 |   262 ||   548
 Cast: Infusion          |     2 |     4 |    14 ||    20
       Song of Slaying   |     1 |     2 |     9 ||    12
       Spectral Weapon   |       |       |     2 ||     2
Evoke: Deck              |       |       |     3 ||     3
  Use: Scroll            |       |     3 |    11 ||    14
       Potion            |       |     1 |     2 ||     3
  Eat: Bread ration      |     1 |       |       ||     1
       Chunk             |       |     8 |     1 ||     9
       Meat ration       |       |       |     2 ||     2
